 Dungeon Crawl Stone Soup version 0.29-a0-338-g1ff7896281 (webtiles) character file.

Game seed: 12023801812127372709

4457 spaghetti the Destroyer (level 10, -7/75 HPs)
             Began as a Deep Dwarf Earth Elementalist on Apr 18, 2022.
             Was an Initiate of Ru.
             Killed from afar by Joseph (33 damage)
             ... with a bolt of acid
             ... on level 8 of the Dungeon.
             The game lasted 00:20:29 (9816 turns).

spaghetti the Destroyer (DDEE)                      Turns: 9816, Time: 00:20:30

Health: -7/75      AC:  6    Str: 11    XL:     10   Next: 15%
Magic:  9/23 (14)  EV: 12    Int: 21    God:    Ru [......]
Gold:   517        SH:  0    Dex: 13    Spells: 6/17 levels left

rFire   . . .      SeeInvis .   c - +1 whip (elec) {mace}
rCold   . . .      Faith    +   (no shield)
rNeg    . . .      Spirit   .   E - +0 steam dragon scales
rPois   .          Reflect  .   i - +0 helmet
rElec   .          Harm     .   (no cloak)
rCorr   .          Rampage  .   (no gloves)
Will    +....                   (no boots)
Stlth   ++........              e - amulet of faith {!P}
HPRegen 0.00/turn               g - ring of wizardry
MPRegen 0.18/turn               u - ring of magical power

@: marked, very slightly contaminated
A: damage resistance, heal wounds, sense surroundings 2, no regeneration
a: Heal Wounds, Renounce Religion


You were on level 8 of the Dungeon.
You worshipped Ru.
Ru was noncommittal.
You visited 2 branches of the dungeon, and saw 9 of its levels.

You collected 517 gold pieces.


Innate Abilities, Weirdness & Mutations

You are resistant to damage.
You can heal yourself by infusing magical energy.
You passively map the area around you.
You do not regenerate.


   Skills:
 - Level 2.1 Dodging
 - Level 2.4 Stealth
 - Level 4.0 Spellcasting
 * Level 12.0 Conjurations
 - Level 0.8 Transmutations
 - Level 8.0 Earth Magic


You had 6 spell levels left.
You knew the following spells:

 Your Spells              Type           Power      Damage    Failure   Level
a - Sandblast             Erth           74%        2d16      1%          1
b - Stone Arrow           Conj/Erth      92%        3d12      1%          3
c - Orb of Destruction    Conj           26%        9d9       28%         7

Your spell library contained the following spells:

 Spells                   Type           Power      Damage    Failure   Level
 Passwall                 Tmut/Erth      18%        N/A       1%          2
 Static Discharge         Conj/Air       29%        N/A       1%          2
 Pain                     Necr           16%        1d4       4%          1
 Petrify                  Tmut/Erth      22%        N/A       8%          4
 Lightning Bolt           Conj/Air       14%        1d28      12%         5
 Gell's Gravitas          Tloc           4%         N/A       14%         3
 Lesser Beckoning         Tloc           4%         N/A       14%         3
 Summon Guardian Golem    Hex/Summ       4%         N/A       14%         3
 Teleport Other           Tloc           4%         N/A       14%         3
 Agony                    Necr           4%         N/A       75%         5
 Excruciating Wounds      Necr           2%         N/A       75%         5
 Spellforged Servitor     Conj/Summ      14%        N/A       96%         7
 Maxwell's Capacitive Co  Air            2%         ∞         100%        8

Inventory:

Hand Weapons
 c - a +1 whip of electrocution (weapon) {mace}
   (You took it off an orc on level 3 of the Dungeon)
 d - a +0 hand axe {axe}
   (You found it on level 1 of the Dungeon)
 C - a +2 scimitar of flaming {long}
   (You took it off Maggie on level 7 of the Dungeon)
 F - a +2 whip of freezing {mace}
   (You took it off Pikel on level 6 of the Dungeon)
Missiles
 a - 8 poisoned darts {throwing}
 q - 109 stones {throwing}
Armour
 b - a +0 robe
 i - a +0 helmet (worn)
   (You found it on level 4 of the Dungeon)
 D - +0 acid dragon scales
   (You took it off Maggie on level 7 of the Dungeon)
 E - +0 steam dragon scales (worn)
   (You found it on level 7 of the Dungeon)
Magical Staves
 m - a staff of poison {!astaff}
   (You found it on level 3 of the Dungeon)
 w - a staff of fire {!astaff}
   (You found it on level 6 of the Dungeon)
Jewellery
 e - an amulet of faith (around neck) {!P}
   (You found it on level 1 of the Dungeon)
 g - a ring of wizardry (left hand)
   (You found it on level 1 of the Dungeon)
 n - a ring of fire
   (You took it off a goblin on level 3 of the Dungeon)
 t - an amulet of guardian spirit
   (You found it on level 5 of the Dungeon)
 u - a ring of magical power (right hand)
   (You found it on level 6 of the Dungeon)
 H - a +6 ring of dexterity
   (You found it on level 6 of the Dungeon)
Wands
 B - a wand of digging (8)
   (You found it on level 7 of the Dungeon)
Scrolls
 f - 2 scrolls of teleportation {@r4}
 h - 3 scrolls of vulnerability {unknown}
 j - 4 scrolls of enchant weapon {unknown}
 k - 4 scrolls of amnesia {unknown}
 l - 2 scrolls of noise {unknown}
 o - a scroll of fear {unknown}
 p - 3 scrolls of magic mapping {!r}
 r - 4 scrolls of identify {unknown}
 v - a scroll of holy word {unknown}
 y - a scroll of enchant armour {unknown}
Potions
 s - a potion of invisibility
 z - a potion of resistance {unknown}
 A - 2 potions of degeneration {unknown}
 G - 2 potions of curing {@q1}
 I - 2 potions of haste {@q3}
 J - a potion of flight
 K - a potion of attraction {unknown}

Dungeon Overview and Level Annotations

Branches:
Dungeon (8/15)             Temple (1/1) D:6
   Lair: D:8-11

Altars:
Ashenzari
Cheibriados
Dithmenos
Elyvilon
Fedhas
Gozag
Hepliaklqana
Kikubaaqudgha
Makhleb
Nemelex Xobeh
Okawaru
Qazlal
Ru
Sif Muna
Trog
Uskayaw
Vehumet
Wu Jian
Xom
Yredelemnul
Zin
The Shining One

Annotations:
D:5 exclusion: door
D:8 1 runed translucent door, Joseph; Maurice; zishaf's ghost, novice NaVM

#.############## .#
#..............# *.#
#.#########.##.# ##### .#
#.# #.##.# #...,,.. #.#
####.##.####.####.#
#.######.##.#............#
#................#..####..
#..............#.#..# ##
########.@○....#.#..#
#.#.○☼..#.#..#
#....○*@#.#..######
#..................
#.#..........######
##.#.#........# ,
........###..# *
#.#.#...###..#
#............######


You could see Joseph (ally target).


Message History

😨 HP[-10]
You take 10 damage, and now have 26/75 hp.
Casting: Orb of Destruction (quite dangerous; 28% risk of failure)
Confirm with . or Enter, or press ? or * to list all spells.
The spell is quite dangerous to miscast (28% risk of failure)!
Continue anyway?
Aiming: Orb of Destruction (quite dangerous; 28% risk of failure)
Press: ? - help, Shift-Dir - straight line, f - Joseph
Aim: Joseph, wielding a +0 hunting sling, wearing a +0 ring mail and carrying a wand of acid (9) Joseph shoots a sling bullet.
The sling bullet hits you!
* * * LOW HITPOINT WARNING * * *
😱 HP[-12] MP[-7]
You take 12 damage, and now have 14/75 hp.
You lost 7 mp, and now have 17/24 mp.
Your magical essence is drained by the effort!
You feel much better.
Joseph shoots a sling bullet.
The sling bullet closely misses you. 😨 HP[+19]
You regained 19 hp, and now have 33/75 hp.
You start resting. 😨 MP[+6]
Your mp is fully restored (23).
You now have 517 gold pieces (gained 19).
q - 76 stones {throwing} (gained 20)
r - 4 scrolls labelled ZOCLIAPEUK (gained 1)
q - 92 stones {throwing} (gained 16) Key pressed, stopping explore.
Joseph is nearby!
Joseph is nearby!
Casting: Orb of Destruction (quite dangerous; 28% risk of failure)
Confirm with . or Enter, or press ? or * to list all spells.
The spell is quite dangerous to miscast (28% risk of failure)!
Continue anyway? [Y]es or [N]o only, please.
The spell is quite dangerous to miscast (28% risk of failure)!
Continue anyway? [Y]es or [N]o only, please.
The spell is quite dangerous to miscast (28% risk of failure)!
Continue anyway?
Aiming: Orb of Destruction (quite dangerous; 28% risk of failure)
Press: ? - help, Shift-Dir - straight line Your orb of destruction hits a rock wall. 😨 MP[-7]
You lost 7 mp, and now have 16/23 mp. 😨 MP[+1] Maurice the Thief comes into view.
He is wielding a +0 short sword, wearing a +1 cloak of poison resistance and carrying a wand of digging (5). 😨 MP[+2]
You regained 2 mp, and now have 19/23 mp. 😨 MP[+1] 😨 MP[+1]
You start resting. 😨 MP[+2]
Your mp is fully restored (23).
q - 109 stones {throwing} (gained 17)
A sourceless malevolence fills the Dungeon...
With a horrendous wail, an alarm goes off!
A sentinel's mark forms upon you.
You hear a shout!
You hear a howl!
You hear a shout!
You hear a zap.
You hear a grinding noise.
Joseph shoots a sling bullet.
The sling bullet hits you!
* * * LOW HITPOINT WARNING * * *
Joseph is nearby! 😨 HP[-12]
You take 12 damage, and now have 21/75 hp.
Joseph is nearby!
Casting: Orb of Destruction (quite dangerous; 28% risk of failure)
Confirm with . or Enter, or press ? or * to list all spells.
The spell is quite dangerous to miscast (28% risk of failure)!
Continue anyway?
Aiming: Orb of Destruction (quite dangerous; 28% risk of failure)
Press: ? - help, Shift-Dir - straight line, f - Joseph
Aim: Joseph, wielding a +0 hunting sling, wearing a +0 ring mail and carrying a wand of acid (9) (heavily wounded)
You miscast Orb of Destruction.
You are very lightly contaminated with residual magic.
Sparks fly from your hands!
* * * LOW HITPOINT WARNING * * *
Joseph shoots a sling bullet.
The sling bullet barely misses you. 😱 HP[-14] MP[-7]
You take 14 damage, and now have 7/75 hp.
You lost 7 mp, and now have 16/23 mp.
Casting: Orb of Destruction (quite dangerous; 28% risk of failure)
Confirm with . or Enter, or press ? or * to list all spells.
The spell is quite dangerous to miscast (28% risk of failure)!
Continue anyway?
Okay, then.
Okay, then.
You feel much better.
Joseph shoots a sling bullet.
The sling bullet barely misses you. 😨 HP[+18]
You regained 18 hp, and now have 25/75 hp.
Casting: Orb of Destruction (quite dangerous; 28% risk of failure)
Confirm with . or Enter, or press ? or * to list all spells.
The spell is quite dangerous to miscast (28% risk of failure)!
Continue anyway?
Aiming: Orb of Destruction (quite dangerous; 28% risk of failure)
Press: ? - help, Shift-Dir - straight line, f/p - Joseph
Aim: Joseph, wielding a +0 hunting sling, wearing a +0 ring mail and carrying a wand of acid (9) (heavily wounded) Joseph shoots a sling bullet.
The sling bullet hits you!!
* * * LOW HITPOINT WARNING * * *
😱 HP[-19] MP[-7]
You take 19 damage, and now have 6/75 hp.
MASSIVE DAMAGE!! (PAUSE)
You lost 7 mp, and now have 9/23 mp.
You feel much better.
Joseph zaps a wand.
The bolt of acid hits you!!
You die...

Skill      XL: |  1  2  3  4  5  6  7  8  9 10 |
---------------+-------------------------------+-----
Earth Magic    | 5 6 7 8 |  8.0
Spellcasting   | 2 3 4 |  4.0
Conjurations   | 1 2 3 4 5 8 11 12 | 12.0
Dodging        | |  2.1
Stealth        | |  2.4
Transmutations | |  0.8

Action                   |  1- 3 |  4- 6 |  7- 9 | 10-12 || total
-------------------------+-------+-------+-------+-------++-------
Melee: Hand axe          |    58 |     5 |       |       ||    63
       Whip              |       |       |    12 |       ||    12
 Cast: Sandblast         |    34 |    20 |    18 |     6 ||    78
       Stone Arrow       |    17 |    36 |   114 |     1 ||   168
       Orb of Destructio |       |       |     2 |     8 ||    10
 Abil: Heal Wounds       |       |       |     6 |     4 ||    10
  Use: Potion            |     2 |     3 |     5 |       ||    10
       Scroll            |     1 |       |     2 |     2 ||     5
 Stab: Sleeping          |     1 |       |       |       ||     1
Armor: Robe              |    22 |     5 |     4 |       ||    31
       Steam dragon scal |       |       |     1 |     1 ||     2
Dodge: Dodged            |    70 |    18 |    35 |     9 ||   132

Levels and vault maps discovered:
D:1:      lightli_arrival_statuegarden, layout_loops_corners
D:2:      layout_rooms, hellmonk_ecumenical_altar_heavens_door,
          dk_noncrumbling_2, uniq_robin, uniq_jessica
D:3:      layout_rooms, serial_forest, infiniplex_forest_end_1,
          infiniplex_forest_clump_long, infiniplex_forest_clump_medium,
          infiniplex_forest_end_2, uniq_sigmund
D:4:      layout_rooms, portal_sewer_entry_d, minmay_crossroads
D:5:      layout_loops_corners, nicolae_kikubaaqudgha_miasma_corner
D:6:      layout_rooms, minmay_temple_entry_enclosed_plants, uniq_pikel
D:7:      layout_rooms, uniq_maggie
D:8:      layout_basic, ebering_ghost_xom, uniq_maurice, uniq_joseph
Temple:   mainiacjoe_temple_circle_huts

Notes
Turn   | Place    | Note
-------+----------+-------------------------------------------
     0 | D:1      | spaghetti the Deep Dwarf Earth Elementalist began the quest
                  | for the Orb.
     0 | D:1      | Reached XP level 1. HP: 15/15 MP: 3/3
     0 | D:1      | magus.rc [v1.9.6]
   249 | D:1      | You pick up a book of Displacement and begin reading...
   249 | D:1      | You add the spells Lesser Beckoning, Gell's Gravitas and
                  | Teleport Other to your library.
   311 | D:1      | Reached XP level 2. HP: 22/22 MP: 2/4
   357 | D:1      | Reached skill level 5 in Earth Magic
   629 | D:1      | You pick up a book of Pain and begin reading...
   629 | D:1      | You add the spells Pain, Agony and Excruciating Wounds to
                  | your library.
  1246 | D:2      | Reached XP level 3. HP: 19/28 MP: 5/5
  1292 | D:2      | Learned a level 3 spell: Stone Arrow
  1391 | D:2      | Reached skill level 2 in Spellcasting
  1843 | D:3      | Noticed Sigmund
  2062 | D:2      | Found a faded altar of an unknown god.
  2078 | D:2      | Reached skill level 1 in Conjurations
  2105 | D:2      | Noticed Robin
  2107 | D:2      | Noticed Jessica
  2109 | D:2      | Killed Robin
  2110 | D:2      | Reached XP level 4. HP: 29/36 MP: 0/7
  2416 | D:2      | Killed Jessica
  2417 | D:2      | Reached skill level 6 in Earth Magic
  2847 | D:3      | Reached skill level 2 in Conjurations
  2939 | D:3      | Reached XP level 5. HP: 22/42 MP: 4/8
  3318 | D:3      | Killed Sigmund
  3319 | D:3      | Reached skill level 3 in Conjurations
  3319 | D:3      | Reached XP level 6. HP: 17/49 MP: 0/10
  3402 | D:3      | Reached skill level 3 in Spellcasting
  4094 | D:4      | Reached skill level 4 in Conjurations
  4094 | D:4      | Reached skill level 7 in Earth Magic
  4252 | D:4      | Reached XP level 7. HP: 17/55 MP: 7/11
  4741 | D:5      | Entered Level 5 of the Dungeon
  4845 | D:5      | Noticed a yak
  4845 | D:5      | Noticed a yak
  4845 | D:5      | Noticed a yak
  4845 | D:5      | Noticed a yak
  4845 | D:5      | Noticed a yak
  5026 | D:5      | Found an ancient bone altar of Kikubaaqudgha.
  5302 | D:5      | You pick up a book of Dangerous Friends and begin
                  | reading...
  5302 | D:5      | You add the spells Summon Guardian Golem, Orb of
                  | Destruction and Spellforged Servitor to your library.
  5623 | D:5      | Reached skill level 5 in Conjurations
  5727 | D:5      | Learned a level 7 spell: Orb of Destruction
  5734 | D:5      | Killed a yak
  5750 | D:5      | Killed a yak
  5751 | D:5      | Reached skill level 4 in Spellcasting
  5751 | D:5      | Reached skill level 8 in Earth Magic
  5751 | D:5      | Reached XP level 8. HP: 30/62 MP: 1/14
  5856 | D:5      | Reached skill level 6 in Conjurations
  5905 | D:5      | Reached skill level 7 in Conjurations
  5906 | D:5      | HP: 14/62 [yak (10)]
  5907 | D:5      | HP: 6/62 [yak (8)]
  5916 | D:5      | HP: 23/93 [yak (8)]
  6356 | D:6      | HP: 11/62 [orc wizard/magic dart (4)]
  6365 | D:6      | Reached skill level 8 in Conjurations
  6401 | D:6      | HP: 10/62 [iguana (11)]
  6654 | D:6      | Gained mutation: You passively map the area around you.
                  | [Deep Dwarf growth]
  6654 | D:6      | Reached XP level 9. HP: 38/68 MP: 11/15
  6794 | D:7      | Reached skill level 9 in Conjurations
  7424 | D:7      | Noticed Maggie
  7430 | D:7      | Killed Maggie
  7431 | D:7      | Reached skill level 10 in Conjurations
  7824 | D:6      | Noticed Pikel
  7838 | D:6      | Killed Pikel
  7839 | D:6      | Reached skill level 11 in Conjurations
  8013 | D:6      | You pick up a book of Lightning and begin reading...
  8013 | D:6      | You add the spells Static Discharge, Lightning Bolt and
                  | Maxwell's Capacitive Coupling to your library.
  8063 | D:6      | Found a staircase to the Ecumenical Temple.
  8070 | Temple   | Entered the Ecumenical Temple
  8429 | Temple   | Became a worshipper of Ru the Awakened
  8795 | D:8      | Noticed zishaf's ghost (novice NaVM)
  8795 | D:8      | Noticed a +2 spear of chaos
  8795 | D:8      | Found a runed translucent door.
  8795 | D:8      | Found a shimmering altar of Xom.
  8995 | D:8      | Reached XP level 10. HP: 48/75 MP: 0/16
  9381 | D:8      | Noticed a phantasmal warrior
  9384 | D:8      | Noticed a death knight
  9387 | D:8      | HP: 16/75 [??? (12)]
  9568 | D:8      | Reached skill level 12 in Conjurations
  9665 | D:8      | Noticed Joseph
  9668 | D:8      | HP: 14/75 [Joseph/sling bullet (12)]
  9758 | D:8      | Noticed Maurice
  9813 | D:8      | HP: 7/75 [something (14)]
  9816 | D:8      | Killed from afar by Joseph

Vanquished Creatures
  Pikel (D:6)
  Maggie (D:7)
  A freezing wraith (D:8)
  Sigmund (D:3)
  6 yaks (D:5)
  3 steam dragons
  A water moccasin (D:8)
  A sky beast (D:8)
  A black bear (D:4)
  4 ogres
  A centaur (D:6)
  3 lemures (D:6)
  A necrophage (D:6)
  4 bullfrogs
  2 scorpions
  5 killer bees (D:8)
  A hound (D:7)
  A jelly (D:7)
  3 orc priests
  Jessica (D:2)
  5 iguanas
  6 orc wizards
  Robin (D:2)
  10 adders
  2 white imps (D:6)
  2 ufetubi
  A worm (D:2)
  A dart slug (D:5)
  28 orcs
  5 bats (D:1)
  7 endoplasms
  2 giant cockroaches
  17 goblins
  9 hobgoblins
  9 jackals
  10 kobolds
  2 quokkas
  7 ball pythons
  3 frilled lizards
  3 rats
172 creatures vanquished.

Vanquished Creatures (others)
  4 plants (D:3)
4 creatures vanquished.

Grand Total: 176 creatures vanquished

Table legend:
 A = Non-vault XP
 B = Vault XP
 C = Vault XP percentage of total XP
 D = Non-vault monster count
 E = Vault monster count
 F = Vault count percentage of total count
                 A         B        C        D         E       F
            +---------+---------+-------+---------+---------+-------
      Total |    4996 |    1372 |  21.5 |     151 |      18 |  10.7
            +---------+---------+-------+---------+---------+-------
        D:1 |      39 |       2 |   4.9 |      22 |       1 |   4.3
        D:2 |      55 |      69 |  55.6 |      23 |      10 |  30.3
        D:3 |      72 |     231 |  76.2 |      18 |       1 |   5.3
        D:4 |     280 |      18 |   6.0 |      15 |       4 |  21.1
        D:5 |    1613 |       0 |   0.0 |      20 |       0 |   0.0
        D:6 |     588 |     663 |  53.0 |      20 |       1 |   4.8
        D:7 |     956 |     389 |  28.9 |      21 |       1 |   4.5
        D:8 |    1393 |       0 |   0.0 |      12 |       0 |   0.0
            +---------+---------+-------+---------+---------+-------

Illustrated notes

Table legend:
 A = Kills in this place as a percentage of kills in entire the game.
 B = Kills by you in this place as a percentage of kills by you in the entire game.
 C = Kills by friends in this place as a percentage of kills by friends in the entire game.
 D = Other kills in this place as a percentage of other kills in the entire game.
 E = Experience gained in this place as a percentage of experience gained in the entire game.
 F = Experience gained in this place divided by the number of levels of this place that you have seen.
                   A       B       C       D       E      F
               +-------+-------+-------+-------+-------+----------------------
         Total | 100.0 | 100.0 |   N/A |   N/A | 100.0 | 707.6
       Dungeon | 100.0 | 100.0 |   N/A |   N/A | 100.0 | 796.0
               +-------+-------+-------+-------+-------+----------------------

Table legend: (Time is in decaauts)
 A = Elapsed time spent in this place.
 B = Non-inter-level travel time spent in this place.
 C = Inter-level travel time spent in this place.
 D = Time resting spent in this place.
 E = Time spent auto-exploring this place.
 F = Levels seen in this place.
 G = Mean time per level.
                   A        B        C        D        E       F      G
               +--------+--------+--------+--------+--------+-----+--------+
         Total |   9844 |   9407 |    437 |   1385 |   6673 |   9 | 1093.8 |
       Dungeon |   9467 |   9047 |    420 |   1385 |   6345 |   8 | 1183.4 |
        Temple |    376 |    359 |     17 |      0 |    328 |   1 |  376.0 |
               +--------+--------+--------+--------+--------+-----+--------+

Top non-repeatable levels by time:
     D:5: 1541 daAuts
     D:2: 1478 daAuts
     D:1: 1365 daAuts
     D:7: 1293 daAuts
     D:3: 1008 daAuts
     D:4: 949 daAuts
     D:6: 925 daAuts
     D:8: 905 daAuts
  Temple: 376 daAuts
